 Dungeon Crawl Stone Soup version 0.26.1-11-gd32895ea62 (webtiles) character file.

Game seed: 3340657654938688144

63 Zeld the Firebug (level 3, -4/28 HPs)
             Began as a Draconian Fire Elementalist on June 7, 2021.
             Slain by a gnoll
             ... wielding a +0 spear
              (6 damage)
             ... on level 2 of the Dungeon.
             The game lasted 00:03:54 (1655 turns).

Zeld the Firebug (Draconian Fire Elementalist)      Turns: 1655, Time: 00:03:55

Health: -4/28      AC:  5    Str: 10    XL:     3   Next: 89%
Magic:  2/6        EV: 12    Int: 16    God:
Gold:   61         SH:  0    Dex: 11    Spells: 3/7 levels left

rFire    . . .     SeeInvis .   (no weapon)
rCold    . . .     Faith    .   (no shield)
rNeg     . . .     Spirit   .   (armour unavailable)
rPois    .         Reflect  .   (helmet restricted)
rElec    .         Harm     .   (no cloak)
rCorr    .         Rampage  .   (no gloves)
Will     .....                  (no boots)
Stlth    +.........             (no amulet)
HPRegen  0.09/turn              (no ring)
MPRegen  0.10/turn              (no ring)

@: very slow
A: unfitting armour, cold-blooded, AC +5
a: no special abilities


You were on level 2 of the Dungeon.
You visited 1 branch of the dungeon, and saw 2 of its levels.

You collected 61 gold pieces.

Inventory:

Scrolls
 a - a scroll of fog {unknown}
 b - a scroll of enchant armour {unknown}
 c - a scroll of remove curse {unknown}
 d - a scroll of magic mapping {unknown}
 e - 5 scrolls of teleportation {unknown}


   Skills:
 + Level 1.5 Fighting
 + Level 2.2 Dodging
 - Level 1.7 Stealth
 + Level 2.5 Spellcasting
 - Level 1.0 Conjurations
 * Level 3.8 Fire Magic


You had 3 spell levels left.
You knew the following spells:

 Your Spells              Type           Power        Failure   Level
a - Foxfire               Conj/Fire      36%          8%          1
b - Conjure Flame         Conj/Fire      9%           22%         3

Your spell library contained the following spells:

 Spells                   Type           Power        Failure   Level
 Inner Flame              Hex/Fire       8%           26%         3
 Sticky Flame             Conj/Fire      9%           58%         4
 Fireball                 Conj/Fire      4%           90%         5


Dungeon Overview and Level Annotations

Branches:
Dungeon (2/15)

Altars:


Innate Abilities, Weirdness & Mutations

Your plain brown scales are hard. (AC +5)
You cannot fit into any form of body armour.
You are cold-blooded and may be slowed by cold attacks.


Message History

Unknown command.
There is a stone staircase leading down here.
Casting: Foxfire (safe; 8% risk of failure)
Confirm with . or Enter, or press ? or * to list all spells.
You conjure some foxfire!
The foxfire hits the gnoll.
The gnoll is severely wounded.
The gnoll hits you.
* * * LOW HITPOINT WARNING * * *
Unknown command.
The foxfire hits the gnoll.
The gnoll is almost dead.
You enter the shallow water.
Moving in this stuff is going to be slow.
The gnoll hits you!
* * * LOW HITPOINT WARNING * * *
You hit the plant.
The plant begins to die.
You tail-slap the plant.
The plant is lightly damaged.
The gnoll hits you from afar with a +0 spear.
You die...

##### #.#.....................
##...###.#..P≈≈≈≈≈≈≈≈≈≈≈≈≈≈.♣..
##≈P≈..##.#.≈≈≈≈≈≈≈≈≈P≈≈P≈†P.≈P#
#P≈≈≈≈....<.♣≈≈≈≈≈≈≈P♣♣♣≈≈≈≈.≈♣≈
#≈♣♣≈####.##≈≈≈≈≈≈≈♣ ♣♣≈≈≈.≈≈♣
##.P♣####.##♣≈≈≈P≈≈♣ ♣≈≈≈.≈≈♣
#..##....##≈≈≈≈≈≈≈♣ ♣♣≈≈≈.≈≈♣
##..#.#.#####≈P≈♣♣♣♣ #†PP≈.≈≈♣
#....#..P...##≈@♣.# #.P≈≈.≈♣≈
#.#.#.....#.###≈g.# #.P≈≈.P♣♣
#.#.#....P#.#####g# ####.P≈≈.≈♣
#.#.)P≈.P.P.......###...♣≈≈≈.≈♣♣
#.#..≈≈♣♣..♣####..)...#.♣P≈≈.≈P≈
#.#..≈≈≈♣...# ##.###...♣≈≈P.≈≈P
#.#..≈♣≈≈♣P.# ##g#.##.#≈≈≈≈.≈≈≈
#.#...≈≈≈♣≈P####...#.#.#≈≈≈≈.P≈≈
....≈≈≈≈........###..#.P≈≈.≈≈P


You could see 2 gnolls.

Vanquished Creatures
  A gnoll (D:2)
  2 oozes (D:1)
  4 leopard geckos
  5 goblins
  7 hobgoblins
  2 jackals (D:1)
  4 kobolds
  3 bats
  5 frilled lizards
  7 rats
40 creatures vanquished.

Vanquished Creatures (collateral kills)
  13 foxfires (D:2)
13 creatures vanquished.

Vanquished Creatures (others)
  99 foxfires
  6 plants (D:2)
105 creatures vanquished.

Grand Total: 158 creatures vanquished

Notes
Turn   | Place    | Note
-------+----------+-------------------------------------------
     0 | D:1      | Zeld the Draconian Fire Elementalist began the quest for
                  | the Orb.
     0 | D:1      | Reached XP level 1. HP: 14/14 MP: 3/3
   293 | D:1      | Reached XP level 2. HP: 22/22 MP: 0/5
   581 | D:1      | Reached skill level 1 in Fighting
   683 | D:1      | Reached XP level 3. HP: 28/28 MP: 1/6
   687 | D:1      | Learned a level 3 spell: Conjure Flame
  1655 | D:2      | Slain by a gnoll

Illustrated notes

Levels and vault maps discovered:
D:1:      amcnicky_arrival_flooded_fountain, layout_basic,
          grunt_decor_resistance, grunt_decor_cap
D:2:      layout_loops_ring, kennysheep_ying_yang, serial_bayou,
          serial_bayou_ford_a, serial_bayou_lagoon_b, serial_bayou_pond_d,
          serial_bayou_pond_a, uniq_crazy_yiuf_cottage

Skill      XL: |  1  2 |
---------------+-------+-----
Dodging        | 2 |  2.2
Fighting       | 1 |  1.5
Stealth        | |  1.7
Spellcasting   | |  2.5
Conjurations   | |  1.0
Fire Magic     | |  3.8

Action                   || total
-------------------------++-------
Melee: Unarmed           ||    36
       Tailslap          ||     3
 Cast: Foxfire           ||    72
Armor: Skin              ||    24
Dodge: Dodged            ||    42
